 Dungeon Crawl Stone Soup version 0.32-a0-953-g508020473e (webtiles) character file.

Game seed: 16846352965612621444

193 retardedninja the Trooper (level 5, -1/64 HPs)
             Began as a Coglin Fighter on Apr 16, 2024.
             Slain by Dowan
             ... wielding a +2 dagger of venom
              (2 damage)
             ... on level 4 of the Dungeon.
             The game lasted 00:04:53 (2229 turns).

retardedninja the Trooper (Coglin Fighter)          Turns: 2229, Time: 00:04:54

Health: -1/64      AC: 22    Str: 18    XL:     5   Next: 72%
Magic:  5/5        EV:  2    Int:  7    God:
Gold:   137        SH:  0    Dex: 14    Spells: 4/4 levels left

rFire   . . .        a - +0 war axe {Kannika}
rCold   . . .        (no shield)
rNeg    . . .        f - melded +0 chain mail
rPois   +            (helmet currently unavailable)
rElec   .            (cloak currently unavailable)
rCorr   .            (gloves currently unavailable)
SInv    .            (boots currently unavailable)
Will    .....        (amulet unavailable)
Stlth   +            (ring unavailable)
HPRegen 0.30/turn    (ring unavailable)
MPRegen 0.09/turn    (no gizmo)

%: no passive effects
@: mighty, brilliant, lethally poisoned (-1 -> -5), lit by a corona, tree-form,
glowing, revving
A: stationary, stasis, torment immunity, boosted hp, off-hand wielding, slow
wielding, warmup strikes, no jewellery
a: Invent Gizmo


You were on level 4 of the Dungeon.
You were a tree.
You visited 1 branch of the dungeon, and saw 4 of its levels.

You collected 137 gold pieces.

Inventory:

Hand Weapons
 a - a +0 war axe (weapon) {Kannika}
Missiles
 e - 2 throwing nets (quivered)
Armour
 f - a +0 chain mail (melded)
Scrolls
 b - a scroll of fear {unknown}
 g - 2 scrolls of identify {unknown}
 h - a scroll of teleportation {unknown}
 k - a scroll of brand weapon {unknown}
 l - a scroll of poison {unknown}
Potions
 d - a potion of might
 i - 2 potions of brilliance


   Skills:
 * Level 4.5 Fighting
 * Level 3.9 Axes
 + Level 3.4 Armour
 - Level 2.1 Shields


You had 4 spell levels left.
You didn't know any spells.
Your spell library contained the following spells:

 Spells                   Type           Power      Damage    Failure   Level
 Ensorcelled Hibernation  Hex/Ice        0%         N/A       56%         2
 Passwall                 Erth           0%         N/A       80%         3
 Swiftness                Air            0%         N/A       80%         3


Dungeon Overview and Level Annotations

Branches:
Dungeon (4/15)
 Temple: D:4-7

Altars:
Okawaru
The Shining One

Annotations:
D:4 Dowan, Duvessa


Innate Abilities, Weirdness & Mutations

You are a tree.
Your roots penetrate the ground, keeping you stationary.
You cannot be teleported.
You are immune to unholy pain and torment.
Your maximum health is greatly increased.
Your equipment is partially melded.
You can wield a second weapon in your off-hand.
It takes a long time for you to wield or remove held weapons.
Your first few attacks do less damage.
You cannot equip rings or amulets.


Message History

Unknown command.
It was a potion of curing.
You feel better. Duvessa hits you with a +0 rapier.
* * * LOW HITPOINT WARNING * * *
Dowan hits you but does no damage.
The hobgoblin hits you but does no damage.
Duvessa hits you with a +0 rapier.
* * * LOW HITPOINT WARNING * * *
Unknown command.
You feel better.
Dowan hits you with a +2 dagger of venom.
* * * LOW HITPOINT WARNING * * *
You are lethally poisoned!
Duvessa completely misses you. The hobgoblin barely misses you.
It was a potion of lignification.
You turn into a tree.
Your +0 chain mail melds into your body.
Your roots penetrate the ground.
* * * LOW HITPOINT WARNING * * *
You feel very sick. Duvessa hits you but does no damage.
Dowan casts a spell at you. The puff of flame hits you.
* * * LOW HITPOINT WARNING * * *
The hobgoblin hits you but does no damage.
Duvessa hits you but does no damage.
You hit Duvessa.
Duvessa is heavily wounded.
You slash Dowan! You slash the hobgoblin!
You kill the hobgoblin!
* * * LOW HITPOINT WARNING * * *
You feel sick. Dowan hits you but does no damage.
Duvessa hits you but does no damage. Dowan hits you but does no damage.
You barely miss Duvessa.
Duvessa is heavily wounded.
You barely miss Dowan.
* * * LOW HITPOINT WARNING * * *
You feel sick. Duvessa hits you but does no damage.
Duvessa hits you with a +0 rapier.
* * * LOW HITPOINT WARNING * * *
Dowan hits you with a +2 dagger of venom.
You die...

#.# #.# #.# #.#
.........
##.###.......##
#..##...>.....#
#.###..........
#.# #.........#
###♣###.........#
#.†ee.#.........#
#..".......)...#
#.>...###.....##
#.....# #.....#
####### ###.#.#
..... #...## ....


You could see Duvessa (fast) and Dowan.

Vanquished Creatures
  A bombardier beetle (D:3)
  An orc priest (D:3)
  An orc wizard (D:3)
  3 adders
  2 ribbon worms (D:2)
  4 orcs (D:3)
  6 endoplasms
  6 giant cockroaches
  6 goblins
  4 hobgoblins
  6 jackals (D:3)
  4 kobolds
  2 quokkas (D:1)
  8 ball pythons
  3 bats
  4 frilled lizards
  5 rats
66 creatures vanquished.

Notes
Turn   | Place    | Note
-------+----------+-------------------------------------------
     0 | D:1      | retardedninja the Coglin Fighter began the quest for the
                  | Orb.
     0 | D:1      | Reached XP level 1. HP: 18/18 MP: 1/1
   125 | D:1      | Reached XP level 2. HP: 17/24 MP: 2/2
   405 | D:1      | Reached XP level 3. HP: 23/29 MP: 3/3
   696 | D:2      | Found an iron altar of Okawaru.
   925 | D:2      | Reached XP level 4. HP: 37/37 MP: 4/4
   938 | D:2      | Found a faded altar of an unknown god.
  1211 | D:3      | Reached skill level 4 in Fighting
  1240 | D:3      | Reached XP level 5. HP: 41/42 MP: 5/5
  1894 | D:3      | Found a glowing golden altar of the Shining One.
  2211 | D:4      | Noticed Duvessa
  2211 | D:4      | Noticed Dowan
  2225 | D:4      | HP: 1/43 [Duvessa/+0 rapier (6)]
  2229 | D:4      | Slain by Dowan

Illustrated notes

Levels and vault maps discovered:
D:1:      scummos_arrival_simple_fountains, layout_basic
D:2:      layout_basic, basic_altar, shapermc_ecumenical_altar_mp_urbaneastern,
          minivault_23
D:3:      layout_basic, tso_altar, serial_bayou_pond_e
D:4:      layout_rooms, mainiacjoe_overflow_catwalk_spiral, uniq_duvessa

Skill      XL: |  1  2  3  4 |
---------------+-------------+-----
Armour         | 3 |  3.4
Axes           | 3 |  3.9
Fighting       | 4 |  4.5
Shields        | |  2.1

Action                     |  1- 3 |  4- 6 || total
---------------------------+-------+-------++-------
  Melee: War axe           |    80 |    80 ||   160
    Use: Potion            |       |     5 ||     5
 Armour: Scale mail        |    42 |       ||    42
         Chain mail        |    39 |    81 ||   120
         Skin              |       |    10 ||    10
  Dodge: Dodged            |    50 |    42 ||    92

Table legend: (Time is in decaauts)
 A = Elapsed time spent in this place.
 B = Non-inter-level travel time spent in this place.
 C = Inter-level travel time spent in this place.
 D = Time resting spent in this place.
 E = Time spent auto-exploring this place.
 F = Levels seen in this place.
 G = Mean time per level.
                   A        B        C        D        E       F      G
               +--------+--------+--------+--------+--------+-----+--------+
         Total |   2283 |   2250 |     33 |      0 |   1800 |   4 |  570.8 |
       Dungeon |   2283 |   2250 |     33 |      0 |   1800 |   4 |  570.8 |
               +--------+--------+--------+--------+--------+-----+--------+

Top non-repeatable levels by time:
     D:3: 1016 daAuts
     D:1: 622 daAuts
     D:2: 591 daAuts
     D:4: 52 daAuts
